 Dungeon Crawl Stone Soup version 0.27.0-1-g7a089689b8 (webtiles) character file.

Game seed: 7915558852185164135

75 kobby the Slasher (level 4, -1/39 HPs)
             Began as a Naga Gladiator on Aug 14, 2021.
             Slain by a sky beast (6 damage)
             ... on level 3 of the Dungeon.
             The game lasted 00:04:57 (2267 turns).

kobby the Slasher (Naga Gladiator)                  Turns: 2267, Time: 00:04:57

Health: -1/39      AC:  8    Str: 21    XL:     4   Next: 31%
Magic:  4/4        EV:  3    Int: 14    God:
Gold:   38         SH: 14    Dex: 13    Spells: 3/3 levels left

rFire    . . .     SeeInvis +   a - +0 long sword
rCold    . . .     Faith    .   m - +2 tower shield
rNeg     . . .     Spirit   .   k - +0 scale mail
rPois    +         Reflect  .   c - +1 helmet
rElec    .         Harm     .   (no cloak)
rCorr    +         Rampage  .   l - +1 pair of gloves
Will     .....                  (no barding)
Stlth    ..........             (no amulet)
HPRegen  0.13/turn              e - ring "Caroixyg" {rCorr Str+4 Int+6}
MPRegen  0.09/turn              (no ring)

@: flying, hasted, quick
A: AC +1, large, see invisible, deformed body, poison resistance, slowness 2,
spit poison 1, naga tail 1
a: Spit Poison


You were on level 3 of the Dungeon.
You visited 1 branch of the dungeon, and saw 3 of its levels.

You collected 83 gold pieces.
You spent 45 gold pieces at shops.

Inventory:

Hand Weapons
 a - a +0 long sword (weapon)
Missiles
 d - 3 throwing nets (quivered)
Armour
 b - a +0 leather armour
 c - a +1 helmet (worn)
 f - a +0 leather armour
 k - a +0 scale mail (worn)
 l - a +1 pair of gloves (worn)
 m - a +2 tower shield (worn)
 n - a +0 leather armour of positive energy
Jewellery
 e - the ring "Caroixyg" (left hand) {rCorr Str+4 Int+6}
   (You acquired it on level 1 of the Dungeon)

   [ring of intelligence]

   Str:       It affects your strength (+4).
   Int:       It affects your intelligence (+6).
   rCorr:     It protects you from acid and corrosion.
Scrolls
 g - a scroll of amnesia
 i - a scroll of enchant armour
Potions
 h - a potion of magic


   Skills:
 + Level 2.1 Fighting
 + Level 3.9 Long Blades
 + Level 1.7 Throwing
 * Level 1.4 Armour
 + Level 2.8 Dodging
 + Level 0.3 Stealth
 * Level 0.2 Shields


You had 3 spell levels left.
You didn't know any spells.
Your spell library contained the following spells:

 Spells                   Type           Power      Damage    Failure   Level
 Magic Dart               Conj           0%         1d3       100%        1
 Call Imp                 Summ           0%         N/A       100%        2
 Mephitic Cloud           Conj/Pois/Air  0%         N/A       100%        3


Dungeon Overview and Level Annotations

Branches:
Dungeon (3/15)

Altars:
Uskayaw

Shops:
D:2 [


Innate Abilities, Weirdness & Mutations

Your serpentine skin is tough. (AC +1)
You have supernaturally acute eyesight. (SInv)
Armour fits poorly on your strangely shaped body.
Your system is resistant to poisons. (rPois)
You cover ground very slowly.
You can spit poison.
You have a snake-like lower body.


Message History

The adder bites you but does no damage. You block the adder's attack.
You closely miss the adder.
The adder is almost dead.
The adder bites you but does no damage. You block the adder's attack.
You hit the adder.
You kill the adder!
You hit the sky beast but do no damage. You block the sky beast's attack.
The sky beast hits you but does no damage.
You closely miss the sky beast. The sky beast hits you.
The sky beast shocks you. You block the sky beast's attack.
You closely miss the sky beast. You block the sky beast's attack.
You hit the sky beast.
The sky beast is moderately wounded.
The sky beast hits you. The sky beast shocks you.
You block the sky beast's attack.
You slash the sky beast!
The sky beast is heavily wounded.
You block the sky beast's attack. The sky beast hits you.
The sky beast shocks you.
You are too injured to fight recklessly!
You are too injured to fight recklessly!
You are too injured to fight recklessly!
You are too injured to fight recklessly!
You are too injured to fight recklessly!
It was a potion of magic.
Magic courses through your body.
The sky beast hits you but does no damage.
You are too injured to fight recklessly!
It was a potion of flight.
You feel very buoyant.
You fly up into the air.
You block the sky beast's attack.
It was a potion of haste.
You feel yourself speed up.
The sky beast flickers out of sight for a moment.
The sky beast hits you. The sky beast shocks you.
* * * LOW HITPOINT WARNING * * *
You miss the sky beast.
The sky beast is heavily wounded.
The sky beast hits you.
* * * LOW HITPOINT WARNING * * *
The sky beast shocks you.
You die...

#.......#
#####.#...#
#.#####.# #.#####
#.# #.# #. #.#
#.# #.# #.# #.#
#.# #.# #.# #.#
#.###############
#.#
#........@Y≈.....
#.#
#################
##.# ...# ####


You could see a sky beast (invisible).

Vanquished Creatures
  2 adders
  A worm (D:3)
  A dart slug (D:1)
  3 ball pythons
  4 endoplasms
  A giant cockroach (D:1)
  4 hobgoblins
  12 jackals
  2 quokkas
  3 bats
  4 frilled lizards
  4 goblins
  4 kobolds
  A rat (D:1)
46 creatures vanquished.

Notes
Turn   | Place    | Note
-------+----------+-------------------------------------------
     0 | D:1      | kobby the Naga Gladiator began the quest for the Orb.
     0 | D:1      | Reached XP level 1. HP: 19/19 MP: 1/1
   167 | D:1      | Reached XP level 2. HP: 19/26 MP: 2/2
   572 | D:1      | Reached XP level 3. HP: 20/32 MP: 3/3
   693 | D:1      | Found a faded altar of an unknown god.
   704 | D:1      | Identified a scroll of acquirement
   705 | D:1      | Acquired the ring "Caroixyg" {rCorr Str+4 Int+6}
   871 | D:2      | Found a hide-covered altar of Uskayaw.
   981 | D:2      | Reached skill level 1 in Armour
  1330 | D:2      | Found Nuadan's Armour Emporium.
  1335 | D:2      | Bought a +0 pair of gloves for 45 gold pieces
  1769 | D:3      | Reached XP level 4. HP: 39/39 MP: 4/4
  2247 | D:3      | Noticed a sky beast
  2267 | D:3      | Slain by a sky beast

Illustrated notes

Levels and vault maps discovered:
D:1:      co_arrival_random_square_maze, layout_basic, basic_ecumenical_altar
D:2:      layout_basic, basic_altar, serial_shops, nicolae_shop_stone,
          grunt_decor_mini_mirrors
D:3:      layout_basic

Skill      XL: |  1  2  3 |
---------------+----------+-----
Armour         | 1 |  1.4
Fighting       | |  2.1
Long Blades    | |  3.9
Throwing       | |  1.7
Dodging        | |  2.8
Stealth        | |  0.3
Shields        | |  0.2

Action                   |  1- 3 |  4- 6 || total
-------------------------+-------+-------++-------
Melee: Long sword        |   104 |    37 ||   141
  Use: Scroll            |     4 |     2 ||     6
       Potion            |       |     3 ||     3
Armor: Leather armour    |    25 |       ||    25
       Scale mail        |    16 |    18 ||    34
Dodge: Dodged            |    70 |     3 ||    73
Block: Tower shield      |     3 |    30 ||    33
       Rpst.: Long sword |    25 |     1 ||    26
